 Dungeon Crawl Stone Soup version 0.31-a0-640-g39d97e502b (webtiles) character file.

Game seed: 6349604734880161704

55 qw the Shooter (level 3, -1/22 HPs)
             Began as a Gargoyle Hunter on Aug 27, 2023.
             Slain by an orc
             ... wielding a +0 mace
              (7 damage)
             ... on level 3 of the Dungeon.
             The game lasted 00:00:34 (1621 turns).

qw the Shooter (Gargoyle Hunter)                    Turns: 1621, Time: 00:00:34

Health: -1/22      AC:  8    Str: 14    XL:     3   Next: 93%
Magic:  3/3        EV: 10    Int:  9    God:
Gold:   104        SH:  0    Dex: 15    Spells: 2/2 levels left

rFire   . . .        Y - +0 shortbow
rCold   . . .        (shield currently unavailable)
rNeg    + . .        l - +0 ring mail
rPois   inf          (no helmet)
rElec   +            (no cloak)
rCorr   .            (no gloves)
SInv    .            (no boots)
Will    .....        (no amulet)
Stlth   +            (no ring)
HPRegen 0.23/turn    (no ring)
MPRegen 0.08/turn

%: no passive effects
@: no status effects
A: sickness immunity, AC +3, negative energy resistance 1, electricity
resistance, torment resistance 1, petrification resistance
a: no special abilities


You were on level 3 of the Dungeon.
You visited 1 branch of the dungeon, and saw 3 of its levels.

You collected 104 gold pieces.


Innate Abilities, Weirdness & Mutations

You are immune to sickness and miasma.
Your stone body is resilient. (AC +3)
You are immune to poison.
You resist negative energy. (rN+)
You are resistant to electric shocks. (rElec)
You are resistant to unholy torment.
You are immune to petrification.


   Skills:
 + Level 2.5 Fighting
 - Level 5.1 Ranged Weapons
 - Level 1.0 Armour
 - Level 1.5 Dodging
 - Level 1.1 Stealth


You had 2 spell levels left.
You didn't know any spells.
Your spell library was empty.

Inventory:

Hand Weapons
 Y - a +0 shortbow (weapon)
Armour
 l - a +0 ring mail (worn)
Jewellery
 h - a ring of fire
Scrolls
 b - a scroll of immolation {unknown}
 j - a scroll of identify
Potions
 a - a potion of curing
 c - a potion of resistance {unknown}
 d - a potion of cancellation {unknown}
 e - a potion of ambrosia {unknown}
 f - a potion of haste {unknown}
 g - a potion of heal wounds {unknown}
 i - a potion of attraction {unknown}

Dungeon Overview and Level Annotations

Branches:
Dungeon (3/15)

Altars:


Message History

There is an escape hatch in the ceiling here.
Found a robe.
You see here a +0 robe. 3 orcs come into view.
The orc shouts! x3; You hear a shout!
You shoot an arrow. The arrow closely misses the orc.
The orc hits you but does no damage.
An orc comes into view. It is wielding a +0 mace.
You shoot an arrow. The arrow barely misses the orc.
You shoot an arrow. The arrow closely misses the orc.
The orc barely misses you. The orc hits you with a +0 hand axe.
You shoot an arrow. The arrow barely misses the orc.
The orc hits you but does no damage. x2; The orc closely misses you.
You shoot an arrow. The arrow barely misses the orc.
The orc barely misses you. The orc closely misses you.
You shoot an arrow. The arrow completely misses the orc.
The orc hits you but does no damage. The orc barely misses you.
You shoot an arrow. The arrow closely misses the orc.
The orc barely misses you. The orc hits you but does no damage.
You shoot an arrow. The arrow hits the orc.
The orc is heavily wounded.
The orc hits you but does no damage.
You shoot an arrow. The arrow completely misses the orc.
The orc hits you but does no damage. x2
You shoot an arrow. The arrow barely misses the orc.
The orc hits you with a +0 hand axe. x2
You shoot an arrow. The arrow barely misses the orc.
The orc barely misses you. The orc hits you with a +0 hand axe.
You shoot an arrow.
The arrow hits the orc but does no damage.
The orc is heavily wounded.
The orc barely misses you. x3; The orc hits you but does no damage.
You shoot an arrow. The arrow hits the orc.
You kill the orc!
You shoot an arrow. The arrow hits the orc!
You kill the orc!
The orc hits you with a +0 hand axe.
You shoot an arrow. The arrow barely misses the orc.
The orc hits you but does no damage. The orc hits you with a +0 mace!
You die...

.# #####...#
#oo...# #@# #.#
...####.#
........####
##...##.[..###
###.....#...##
##.#
#####.###..#
....
#......###..###
#####..#......#


You could see 2 orcs.

Vanquished Creatures
  An adder (D:2)
  A worm (D:2)
  2 orcs (D:3)
  7 bats
  2 endoplasms
  A giant cockroach (D:2)
  3 goblins
  3 hobgoblins
  3 kobolds
  2 quokkas
  6 ball pythons
  A frilled lizard (D:2)
  8 rats
40 creatures vanquished.

Notes
Turn   | Place    | Note
-------+----------+-------------------------------------------
     0 | D:1      | qw the Gargoyle Hunter began the quest for the Orb.
     0 | D:1      | Reached XP level 1. HP: 12/12 MP: 1/1
     0 | D:1      | 0 ||| qw: Version: 0.3-a-74-g0d5e918
     0 | D:1      | 0 ||| qw: Game counter: 3
     0 | D:1      | 0 ||| qw: Melee chars always use a shield: true
     0 | D:1      | 0 ||| qw: God list: Okawaru
     0 | D:1      | 0 ||| qw: Allow faded altars: false
     0 | D:1      | 0 ||| qw: Do Orc after clearing Dungeon:15 true
     0 | D:1      | 0 ||| qw: Do second Lair branch before Depths: true
     0 | D:1      | 0 ||| qw: Lair rune preference: random
     0 | D:1      | 0 ||| qw: Goals: Normal
     0 | D:1      | 0 ||| PLANNING D:1-11
   282 | D:1      | Reached XP level 2. HP: 17/17 MP: 2/2
   726 | D:1      | 726 ||| UPGRADING to +0 ring mail.
   736 | D:1      | 736 ||| DROPPING +0 leather armour.
   737 | D:1      | 737 ||| READING scroll labelled KOUCHE TOEZYC.
   742 | D:1      | 742 ||| READING scroll labelled JOPUIR HUOCUHO.
   743 | D:1      | 743 ||| READING scroll labelled MIDAME GEUDUAJ.
   744 | D:1      | 744 ||| READING scroll labelled MOECHO RATAIDI.
   745 | D:1      | 745 ||| READING scroll labelled FEL KUORUNOLL.
   746 | D:1      | 746 ||| DROPPING scroll of butterflies.
   935 | D:2      | Reached skill level 1 in Armour
   965 | D:2      | Reached XP level 3. HP: 14/21 MP: 3/3
  1154 | D:2      | Found a faded altar of an unknown god.
  1288 | D:2      | Reached skill level 5 in Ranged Weapons
  1402 | D:2      | 1402 ||| READING scroll labelled DYNOOXT EDAU.
  1403 | D:2      | 1403 ||| DRINKING 2 orange potions.
  1404 | D:2      | 1404 ||| DRINKING 2 murky grey potions.
  1405 | D:2      | 1405 ||| DRINKING 3 golden potions.
  1442 | D:2      | 1442 ||| DROPPING potion of brilliance.
  1443 | D:2      | 1443 ||| DROPPING 2 potions of lignification.
  1621 | D:3      | Slain by an orc

Levels and vault maps discovered:
D:1:      sevenhm_arrival_forest_fort_large_4, layout_basic
D:2:      layout_loops_ring, basic_ecumenical_altar, chequers_mini_garden,
          minmay_tall_x
D:3:      layout_rooms, yredelemnul_forgotten_temple_becter,
          gammafunk_temple_overflow_elements, minmay_misc_feat_alley,
          uniq_robin, uniq_terence, uniq_crazy_yiuf_cottage

Skill      XL: |  1  2  3 |
---------------+----------+-----
Armour         | 1 |  1.0
Ranged Weapons | 5 |  5.1
Fighting       | |  2.5
Dodging        | |  1.5
Stealth        | |  1.1

Action                     || total
---------------------------++-------
   Fire: Shortbow          ||   119
    Use: Scroll            ||     6
         Potion            ||     3
 Armour: Leather armour    ||     7
         Ring mail         ||    24
  Dodge: Dodged            ||    37

Table legend:
 A = Non-vault XP
 B = Vault XP
 C = Vault XP percentage of total XP
 D = Non-vault monster count
 E = Vault monster count
 F = Vault count percentage of total count
                 A         B        C        D         E       F
            +---------+---------+-------+---------+---------+-------
      Total |      72 |       7 |   8.9 |      36 |       4 |  10.0
            +---------+---------+-------+---------+---------+-------
        D:1 |      19 |       0 |   0.0 |      13 |       0 |   0.0
        D:2 |      39 |       7 |  15.2 |      16 |       4 |  20.0
        D:3 |      14 |       0 |   0.0 |       7 |       0 |   0.0
            +---------+---------+-------+---------+---------+-------
